 Dungeon Crawl Stone Soup version 0.26-a0-812-g31a745ddcd (webtiles) character file.

Game seed: 7643993522590827824

42 mkm the Digger (level 3, -3/19 HPs)
             Began as a Gargoyle Earth Elementalist on Dec 10, 2020.
             Slain by an orc priest
             ... wielding a +0 flail
              (5 damage)
             ... on level 3 of the Dungeon.
             The game lasted 00:04:43 (1771 turns).

mkm the Digger (Gargoyle Earth Elementalist)        Turns: 1771, Time: 00:04:43

Health: -3/19      AC:  5    Str: 11    XL:     3   Next: 56%
Magic:  7/7        EV: 12    Int: 16    God:
Gold:   56         SH:  0    Dex: 10    Spells: 4/8 levels left

rFire    . . .     SeeInvis .   d - +0 dagger
rCold    . . .     Faith    .   (no shield)
rNeg     + . .     Spirit   .   c - +0 robe
rPois    ∞         Reflect  .   (no helmet)
rElec    +         Harm     .   (no cloak)
rCorr    .         Rampage  .   (no gloves)
MR       .....                  (no boots)
Stlth    ++........             (no amulet)
HPRegen  0.06/turn              (no ring)
MPRegen  0.10/turn              (no ring)

@: no status effects
A: negative energy resistance 1, electricity resistance, unbreathing,
petrification resistance, rot immunity, AC +3
a: no special abilities


You were on level 3 of the Dungeon.
You visited 1 branch of the dungeon, and saw 3 of its levels.

You collected 56 gold pieces.

Inventory:

Hand Weapons
 d - a +0 dagger (weapon)
Armour
 c - a +0 robe (worn)
Scrolls
 a - a scroll of teleportation {unknown}
Potions
 e - a potion of curing {unknown}
 f - a potion of might {unknown}


   Skills:
 - Level 1.5 Dodging
 - Level 2.1 Stealth
 * Level 3.1 Spellcasting
   Level 0.7 Transmutations
 + Level 4.2 Earth Magic


You had 4 spell levels left.
You knew the following spells:

 Your Spells              Type           Power        Failure   Level
a - Sandblast             Erth           ###...       3%          1
b - Stone Arrow           Conj/Erth      #.....       22%         3

Your spell library contained the following spells:

 Spells                   Type           Power        Failure   Level
 Passwall                 Tmut/Erth      ##......     10%         2
 Petrify                  Tmut/Erth      ##......     54%         4
 Lee's Rapid Deconstruct  Erth           ###.......   65%         5


Dungeon Overview and Level Annotations

Branches:
Dungeon (3/15)

Altars:


Innate Abilities, Weirdness & Mutations

You are resistant to torment.
Your stone body is resilient. (AC +3)
You are immune to poison.
You resist negative energy. (rN+)
You are resistant to electric shocks. (rElec)
You can survive without breathing.
You are immune to petrification.
You are immune to rotting.


Message History

HP restored.
You start waiting.
Done waiting.
You climb upwards.
The orc priest hits you with a +0 flail.
There is a stone staircase leading down here.
The orc priest calls down the wrath of Beogh upon you.
Beogh smites you!
You climb downwards.
There is a stone staircase leading up here.
You barely miss the orc priest.
The orc priest hits you but does no damage.
You barely miss the orc priest. You closely miss the orc priest.
The orc priest hits you with a +0 flail.
* * * LOW HITPOINT WARNING * * *
You hit the orc priest.
The orc priest is lightly wounded.
The orc priest hits you with a +0 flail.
You die...

## ### .
##.##.#
##...#.#
#......#
#[.o# ##@##
#.........#
######.####
#+#


You could see an orc priest.

Vanquished Creatures
  3 dart slugs (D:1)
  An orc (D:3)
  6 goblins (D:1)
  5 hobgoblins
  4 jackals (D:1)
  2 bats
  A frilled lizard (D:2)
  6 kobolds (D:1)
  5 rats (D:1)
33 creatures vanquished.

Notes
Turn   | Place    | Note
-------+----------+-------------------------------------------
     0 | D:1      | mkm the Gargoyle Earth Elementalist began the quest for the
                  | Orb.
     0 | D:1      | Reached XP level 1. HP: 10/10 MP: 3/3
   243 | D:1      | Reached XP level 2. HP: 15/15 MP: 1/5
   452 | D:1      | Reached skill level 4 in Earth Magic
   724 | D:1      | Reached XP level 3. HP: 19/19 MP: 4/7
   732 | D:1      | Learned a level 3 spell: Stone Arrow
  1771 | D:3      | Slain by an orc priest

Illustrated notes

Levels and vault maps discovered:
D:1:      giann_wishing_wells, layout_basic
D:2:      kennysheep_big_flooded_room, layout_loops_ring, uniq_natasha
D:3:      layout_loops_corners, old_standard_altar, chequers_serial_rivers_marsh

Skill      XL: |  1  2  3 |
---------------+----------+-----
Earth Magic    | 4 |  4.2
Spellcasting   | 3 |  3.1
Dodging        | |  1.5
Stealth        | |  2.1
Transmutations | |  0.7

Action                   || total
-------------------------++-------
Melee: Dagger            ||    66
       Short sword       ||     7
 Cast: Sandblast         ||    36
 Stab: Sleeping          ||     1
Armor: Robe              ||    27
Dodge: Dodged            ||    50

Table legend: (Time is in decaauts)
 A = Elapsed time spent in this place.
 B = Non-inter-level travel time spent in this place.
 C = Inter-level travel time spent in this place.
 D = Time resting spent in this place.
 E = Time spent auto-exploring this place.
 F = Levels seen in this place.
 G = Mean time per level.
                   A        B        C        D        E       F      G
               +--------+--------+--------+--------+--------+-----+--------+
         Total |   1772 |   1741 |     31 |    331 |   1044 |   3 |  590.7 |
       Dungeon |   1772 |   1741 |     31 |    331 |   1044 |   3 |  590.7 |
               +--------+--------+--------+--------+--------+-----+--------+

Top non-repeatable levels by time:
     D:1: 1185 daAuts
     D:3: 359 daAuts
     D:2: 226 daAuts
